 Dungeon Sprint DCSS version 0.29.1-2-gbd0b4ee654 (webtiles) character file.

Game seed: 4838360281490695548

36 Groucho the Covered (level 3, -2/36 HPs)
             Began as a Gargoyle Fighter on Oct 24, 2022.
             Was a Believer of Cheibriados.
             Slain by a warg (9 damage)
             ... in the Dungeon (Sprint VII: "The Pits").
             The game lasted 00:01:42 (389 turns).

Groucho the Covered (Gargoyle Fighter)               Turns: 389, Time: 00:01:43

Health: -2/36      AC: 10    Str: 24    XL:     3   Next: 37%
Magic:  4/4        EV:  9    Int: 15    God:    Cheibriados [**....]
Gold:   0          SH:  5    Dex: 14    Spells: 2/2 levels left

rFire   . . .      SeeInvis .   a - +2 hand axe
rCold   . . .      Faith    .   c - +0 buckler
rNeg    + . .      Spirit   .   b - +0 scale mail
rPois   ∞          Reflect  .   (no helmet)
rElec   +          Harm     .   (no cloak)
rCorr   .          Rampage  .   (no gloves)
Will    .....      NoTele   +   (no boots)
Stlth   ..........              (no amulet)
HPRegen 0.12/turn               (no ring)
MPRegen 0.09/turn               (no ring)

@: berserking, invisible, very slow
A: sickness immunity, AC +3, negative energy resistance 1, electricity
resistance, torment resistance 1, petrification resistance
a: Renounce Religion, Bend Time


You were in the Dungeon.
You worshipped Cheibriados.
Cheibriados was pleased with you.
You visited 1 branch

Inventory:

Hand Weapons
 a - a +2 hand axe (weapon)
 o - a +2 mace
Missiles
 n - 10 stones (quivered)
Armour
 b - a +0 scale mail (worn)
 c - a +0 buckler (worn)
Scrolls
 j - a scroll of blinking
 l - 5 scrolls of amnesia
 m - a scroll of summoning
Potions
 d - a potion of might
 e - a potion of curing
 g - a potion of haste
 h - 4 potions of magic
 i - 2 potions of berserk rage
 k - a potion of invisibility


   Skills:
 + Level 4.7 Fighting
 + Level 2.8 Axes
 + Level 4.7 Armour
 + Level 4.7 Shields
 + Level 2.0 Invocations


You had 2 spell levels left.
You didn't know any spells.
Your spell library was empty.

Dungeon Overview and Level Annotations

Branches:
Dungeon (1/1)

Altars:
Ashenzari
Cheibriados
Dithmenos
Elyvilon
Fedhas
Gozag
Hepliaklqana
Kikubaaqudgha
Makhleb
Nemelex Xobeh
Okawaru
Qazlal
Ru
Sif Muna
Trog
Uskayaw
Vehumet
Wu Jian
Xom
Yredelemnul
Zin
The Shining One
Jiyva
Lugonu


Innate Abilities, Weirdness & Mutations

You are immune to sickness and miasma.
Your stone body is resilient. (AC +3)
You are immune to poison.
You resist negative energy. (rN+)
You are resistant to electric shocks. (rElec)
You are resistant to unholy torment.
You are immune to petrification.


Message History

You kill the gnoll!
Cheibriados thoroughly appreciates the change of pace.
Cheibriados raises the support of your attributes as your movement slows.
The ball python bites you but does no damage.
The ball python grabs you. The ball python constricts you.
Your Invocations skill increases to level 2!
You hit the ball python.
The ball python is heavily wounded.
The ball python bites you but does no damage.
The ball python constricts you.
Unknown command.
You hit the ball python.
You kill the ball python!
Cheibriados appreciates the change of pace.
Cheibriados raises the support of your attributes as your movement slows.
Unknown command.
You hit the warg.
The warg is moderately wounded.
The warg bites you. x2
You hit the warg.
The warg is moderately wounded.
The warg bites you.
Unknown command.
You feel much better. The warg misses you. The warg bites you!
You barely miss the warg.
The warg is moderately wounded.
You block the warg's attack.
You hit the warg.
The warg is heavily wounded.
The warg barely misses you. The warg bites you.
You hit the warg.
The warg is severely wounded.
The warg bites you!
* * * LOW HITPOINT WARNING * * *
You fade into invisibility!
You block the warg's attack. The warg bites you but does no damage.
A red film seems to cover your vision as you go berserk!
Cheibriados forces you to slow down.
You feel mighty! The warg bites you!
You die...

#_________.#
#_________.#
#_______...###########++
##########'##...........
#.?..).))'.##......#..#.
##########.##...........
#...........'...........
+#####'#####......#..#.
#...#@# #...........
#...#h# ####'#####++
#..†'.# #.......#
##'#### #.......# #.g
#.......# #.. #...<...#
#.. #.......# #..
#.......# ### #.......#


You could see a warg.

Vanquished Creatures
  A gnoll (D)
  An adder (D)
  A river rat (D)
  An adder zombie (D)
  A ball python (D)
  A giant cockroach (D)
  A hobgoblin (D)
7 creatures vanquished.

Notes
Turn   | Place    | Note
-------+----------+-------------------------------------------
     0 | D        | Groucho the Gargoyle Fighter began the quest for the Orb.
     0 | D        | Reached XP level 1. HP: 14/14 MP: 1/1
    12 | D        | Reached XP level 2. HP: 20/20 MP: 2/2
    43 | D        | Found a bloodstained altar of Trog.
    43 | D        | Found a shimmering blue altar of Sif Muna.
    43 | D        | Found a viscous altar of Jiyva.
    43 | D        | Found a hazy altar of Hepliaklqana.
    43 | D        | Found an opulent altar of Gozag.
    44 | D        | Found a glowing golden altar of the Shining One.
    44 | D        | Found a glowing silver altar of Zin.
    44 | D        | Found a basalt altar of Yredelemnul.
    44 | D        | Found a shimmering altar of Xom.
    44 | D        | Found an ornate altar of the Wu Jian Council.
    44 | D        | Found a sacrificial altar of Ru.
    44 | D        | Found a stormy altar of Qazlal.
    44 | D        | Found an iron altar of Okawaru.
    44 | D        | Found a sparkling altar of Nemelex Xobeh.
    44 | D        | Found a burning altar of Makhleb.
    44 | D        | Found a blossoming altar of Fedhas.
    44 | D        | Found a white marble altar of Elyvilon.
    44 | D        | Found a shadowy altar of Dithmenos.
    44 | D        | Found a snail-covered altar of Cheibriados.
    46 | D        | Found a radiant altar of Vehumet.
    46 | D        | Found a corrupted altar of Lugonu.
    47 | D        | Found a hide-covered altar of Uskayaw.
    47 | D        | Found an ancient bone altar of Kikubaaqudgha.
    47 | D        | Found a broken altar of Ashenzari.
    57 | D        | Became a worshipper of Cheibriados the Contemplative
    86 | D        | Reached skill level 1 in Invocations
    88 | D        | Reached * piety under Cheibriados
   362 | D        | Reached XP level 3. HP: 24/24 MP: 4/4
   377 | D        | Noticed a warg
   379 | D        | Reached ** piety under Cheibriados
   389 | D        | Slain by a warg

Illustrated notes

Levels and vault maps discovered:
D:        pitsprint [storerooms_1, entrance_room_1, metal_vault_4, armoury_3,
          mini_pit_1, grid_room_1, main_hall_1, silver_pit, the_coven_3,
          the_vestibule_1, steel_vault_2, golden_pit, hallway_of_sentries,
          crystal_vault_2, iron_vault_1, final_vault]

Skill      XL: |  1  2  3 |
---------------+----------+-----
Fighting       | 4 |  4.7
Axes           | 2 |  2.8
Armour         | 4 |  4.7
Shields        | 4 |  4.7
Invocations    | 1 2 |  2.0

Action                   || total
-------------------------++-------
Melee: War axe           ||     2
       Hand axe          ||    34
  Use: Potion            ||     3
Armor: Scale mail        ||    10
Dodge: Dodged            ||    18
Block: Buckler           ||     6
